Map: Eternal Empire LE

Players

ArT

  • Race: Protoss Protoss
  • Spawn Location: 7:00

LiquidMaNa (MaNa) - Winner!

  • Race: Protoss Protoss
  • League: Grandmaster
  • Spawn Location: 1:00

Event: DreamHack SC2 Masters 2020 Summer Europe

VOD

Have the link to the VOD?

Description

Time

  • Played on: June 25, 2020, 11:27 a.m.
  • Length: 5:53

All games in this series

Show
View Real Time Build Order
Export as new Build Order

ArT Protoss 

Build Orders: Phoenix Opening 

Get SALT Encoding   

  12  0:00  Probe  
  13  0:13  Probe  
  14  0:17  Pylon  
  14  0:24  Probe  
  15  0:32  Probe  
  15  0:37  Gateway  
  15  0:40  Probe  
  16  0:46  Assimilator  
  17  0:51  Probe  
  18  0:57  Assimilator  
  18  1:03  Probe  
  19  1:08  Gateway  
  19  1:11  Probe  
  20  1:19  Probe  
  21  1:26  Cybernetics Core  
  21  1:29  Probe  
  22  1:37  Pylon  
  22  1:42  Probe  
  23  1:58  Probe  
  24  2:02  Sentry, Stalker, Warp Gate  
  28  2:16  Pylon  
  28  2:20  Probe  
  29  2:29  Stalker  
  31  2:34  Stalker  
  32  2:40  Phoenix  
  32  2:55  Nexus  
  32  3:01  Shield Battery  
  32  3:07  Sentry  
  32  3:11  Probe  
  35  3:17  Robotics Facility  
  35  3:29  Probe, Pylon  
  36  3:36  Shield Battery  
  36  3:41  Probe  
  37  3:50  Stalker  
  37  3:52  Stalker  
  37  3:54  Immortal  
  45  4:16  Stalker  
  47  4:18  Stalker  
  49  4:28  Probe x2  
  51  4:36  Observer  
  52  4:46  Stalker  
  52  4:47  Stalker  
  52  4:52  Probe  
  55  4:54  Pylon  
  55  4:56  Immortal  
  53  5:16  Stalker  
  36  5:29  Adept  
  36  5:32  Probe  
  35  5:42  Adept  
Show
View Real Time Build Order
Export as new Build Order

LiquidMaNa Protoss - Winner!

Build Orders:  

Get SALT Encoding   

  12  0:00  Probe  
  13  0:12  Probe  
  14  0:17  Pylon  
  14  0:24  Probe  
  15  0:32  Probe  
  15  0:37  Gateway  
  15  0:40  Probe  
  16  0:46  Assimilator  
  17  0:51  Probe  
  17  0:55  Assimilator  
  18  0:59  Probe  
  19  1:07  Gateway, Probe  
  19  1:17  Probe  
  20  1:24  Cybernetics Core  
  21  1:29  Probe  
  22  1:41  Probe  
  22  1:45  Pylon  
  23  2:00  Warp Gate  
  23  2:03  Stalker x2  
  28  2:14  Robotics Facility  
  27  2:16  Pylon  
  28  2:37  Stalker x2  
  31  2:50  Immortal  
  31  2:54  Shield Battery  
  31  2:59  Pylon  
  36  3:12  Sentry  
  38  3:20  Warp Prism  
  38  3:31  Gateway  
  38  3:33  Probe  
  41  3:54  Sentry x2  
  44  3:56  Immortal  
  44  3:57  Pylon  
  46  4:18  Adept x2  
  50  4:28  Pylon  
  50  4:41  Immortal  
  52  5:15  Zealot x3  
  58  5:25  Probe  
  57  5:37  Probe  
  50  5:44  Adept x3  
Tags
 
Add a new tag
Caveats
  • Supply blocks, unpowered buildings, or Contaminate may cause inaccurate times.
  • Supply counts are checked every 10 seconds.